 Dungeon Crawl Stone Soup version 0.23.2-40-g277498a001 (webtiles) character file.

Game seed: 6189451813993925871

5163 Doot the Thaumaturge (level 10, -5/53 HPs)
             Began as a Deep Elf Venom Mage on Sept 23, 2019.
             Was a Priest of Sif Muna.
             Slain by a wraith (14 damage)
             ... led by Josephine
             ... on level 10 of the Dungeon.
             The game lasted 00:28:37 (9961 turns).

Doot the Thaumaturge (Deep Elf Venom Mage)          Turns: 9961, Time: 00:28:38

Health: -5/53      AC:  5    Str:  5    XL:     10   Next: 33%
Magic:  20/28      EV: 15    Int: 32    God:    Sif Muna [***...]
Gold:   151        SH:  6    Dex: 20    Spells: 17/33 levels left

rFire    . . .     SeeInvis .   a - +7 dagger of Sunlight {drain, rElec Int+2}
rCold    + . .     Gourm    .   A - +2 buckler of the Stallion {rN+ Dex+5}
rNeg     + . .     Faith    .   E - +0 robe
rPois    .         Spirit   .   u - +0 helmet
rElec    +         Reflect  .   (no cloak)
rCorr    .         Harm     .   y - +0 pair of gloves
MR       +....                  H - +0 pair of boots
Stlth    +++.......             (no amulet)
HPRegen  0.17/turn              B - ring of Derghuba {rC+ Int+3}
MPRegen  0.21/turn              L - +3 ring of intelligence

@: infused, slowed, divine energy, very slow
A: no striking features
a: Stop Divine Energy, Channel Magic, Renounce Religion


You were on level 10 of the Dungeon.
You worshipped Sif Muna.
Sif Muna was most pleased with you.
You were not hungry.

You visited 2 branches of the dungeon, and saw 11 of its levels.

You collected 361 gold pieces.
You spent 210 gold pieces at shops.

Inventory:

Hand Weapons
 a - the +7 dagger of Sunlight (weapon) {drain, rElec Int+2}
   (You found it on level 5 of the Dungeon)

   A truly terrible weapon, it drains the life of those it strikes.
   It affects your intelligence (+2).
   It insulates you from electricity.
 b - the +7 longbow "Piercer" {penet, EV-2}
   (You found it on level 9 of the Dungeon)

   Ammo fired by it will pass through the targets it hits, potentially hitting
   all targets in its path until it reaches maximum range.
   It affects your evasion (-2).
 h - a +0 dagger
 v - a +0 dagger of pain
 x - a -2 long sword
 W - a +6 long sword
Missiles
 V - 106 arrows
Armour
 u - a +0 helmet (worn)
 w - a cursed +0 ring mail
 y - a +0 pair of gloves (worn)
 A - the +2 buckler of the Stallion (worn) {rN+ Dex+5}
   (You found it on level 5 of the Dungeon)

   It affects your dexterity (+5).
   It protects you from negative energy.
 E - a +0 robe (worn)
 H - a +0 pair of boots (worn)
Jewellery
 o - an uncursed ring of see invisible
 B - the ring of Derghuba (left hand) {rC+ Int+3}
   (You found it on level 5 of the Dungeon)

   [ring of intelligence]

   It affects your intelligence (+3).
   It protects you from cold.
 F - an uncursed ring of fire
 L - a +3 ring of intelligence (right hand)
 R - a +5 ring of evasion {unknown}
 T - an uncursed ring of positive energy
Wands
 J - a wand of acid (18)
 K - a wand of iceblast (6)
 S - a wand of disintegration (11)
Scrolls
 d - 2 scrolls of remove curse
 f - 3 scrolls of identify
 j - a scroll of enchant armour {unknown}
 l - 4 scrolls of teleportation
 p - a scroll of magic mapping {unknown}
 r - a scroll of random uselessness {unknown}
 t - a scroll of blinking {unknown}
 D - a scroll of holy word {unknown}
 G - 2 scrolls of fog
 I - 2 scrolls of amnesia
 M - a scroll of brand weapon {unknown}
 P - a scroll of enchant weapon {unknown}
Potions
 e - 2 potions of flight {unknown}
 g - 6 potions of heal wounds
 i - a potion of lignification {unknown}
 k - 2 potions of resistance {unknown}
 m - 2 potions of cancellation {unknown}
 n - 8 potions of curing
 q - 4 potions of haste
 s - a potion of might {unknown}
 z - a potion of brilliance
 C - a potion of mutation {unknown}
 N - a potion of agility
 O - a potion of degeneration {unknown}
 Q - 2 potions of invisibility {unknown}
Miscellaneous
 U - a lightning rod (4/4)
Comestibles
 c - 18 rations
 X - 10 chunks of flesh


   Skills:
 + Level 2.0 Fighting
 + Level 3.2(3.3) Short Blades
 + Level 0.7(2.0) Long Blades
 + Level 1.5 Bows
 + Level 4.6 Dodging
 + Level 4.0 Stealth
 + Level 0.7 Shields
 + Level 12.2 Spellcasting
 + Level 1.9 Conjurations
 + Level 2.3 Charms
 + Level 0.4 Necromancy
 + Level 4.9 Air Magic
 + Level 9.9 Poison Magic


You had 17 spell levels left.
You knew the following spells:

 Your Spells              Type           Power        Failure   Level  Hunger
a - Sting                 Conj/Pois      ####         1%          1    None
b - Poisonous Vapours     Pois/Air       ######       1%          2    None
c - Mephitic Cloud        Conj/Pois/Air  ######..     1%          3    None
d - Olgreb's Toxic Radia  Pois           ######..     1%          4    None
e - Regeneration          Chrm/Necr      ####......   6%          3    None
f - Song of Slaying       Chrm           ####....     1%          2    None
g - Infusion              Chrm           ####         1%          1    None

Your spell library contained the following spells:

 Spells                   Type           Power        Failure   Level  Hunger
 Shroud of Golubria       Chrm/Tloc      ####......   3%          2    None
 Spectral Weapon          Hex/Chrm       ####....     7%          3    None
 Venom Bolt               Conj/Pois      ######....   9%          5    #......


Dungeon Overview and Level Annotations

Branches:
Dungeon (10/15)            Temple (1/1) D:7            Lair (0/6) D:9
    Orc: D:9-12

Altars:
Ashenzari
Cheibriados
Dithmenos
Elyvilon
Fedhas
Gozag
Hepliaklqana
Kikubaaqudgha
Makhleb
Nemelex Xobeh
Okawaru
Qazlal
Ru
Sif Muna
Trog
Uskayaw
Vehumet
Wu Jian
Xom
Yredelemnul
Zin
The Shining One

Shops:
D:4 !}*


Message History

The wraith is severely damaged.
The wraith completely misses you.
You hit the wraith but do no damage.
The wraith is severely damaged.
The wraith hits you!
You hit the wraith.
The wraith is severely damaged.
The wraith closely misses you.
You closely miss the wraith.
The wraith is severely damaged.
The wraith misses you. The wraith hits you.
* * * LOW HITPOINT WARNING * * *
The wraith drains your vigour!
You feel as though you will be slow longer.
The wraith hits you.
* * * LOW HITPOINT WARNING * * *
You hit the wraith but do no damage.
The wraith is severely damaged.
The wraith hits you!
You die...

#....# # #....#
#.... W....
#..###....# #.....
....# #.........#
#.... ....#
#.........# #...#
#[..# ...#####..#
#...# #...# .. #..#
#...#####...# #
#..####...........#
#........@W.......#
#.................#
#.......########..#
#..####.########..#
#..# #.........>.#
#..# #.........).#
#..####...........#
#......).#######..#
#........# #..#


You could see a wraith.

Vanquished Creatures
  A two-headed ogre (D:10)
  Pikel (D:8)
  A hippogriff (D:7)
  A hungry ghost (D:7)
  A porcupine (D:9)
  An orc warrior (D:7)
  A sky beast (D:9)
  An ice beast (D:8)
  4 slaves (D:8)
  8 ogres
  A centaur (D:7)
  2 big kobolds
  9 bullfrogs
  2 gnoll sergeants
  A wyvern skeleton (D:9)
  5 scorpions
  6 killer bees (D:10)
  5 wights (D:8)
  A howler monkey (D:5)
  3 crimson imps
  A centaur zombie (D:6)
  A quasit (D:7)
  A bullfrog zombie (D:6)
  2 centaur skeletons
  2 hounds
  A jelly (D:9)
  2 orc priests
  2 orc wizards (D:4)
  A bullfrog skeleton (D:8)
  6 worker ants
  An iguana (D:10)
  A hell rat (D:9)
  2 worker ant zombies
  Robin (D:2)
  7 gnolls
  8 adders
  A river rat (D:9)
  A shadow imp (D:8)
  An ooze (D:6)
  An adder zombie (D:7)
  An adder skeleton (D:4)
  2 worms (D:4)
  A dart slug (D:1)
  6 leopard geckos
  17 orcs
  2 ball pythons
  4 bats
  8 giant cockroaches
  13 goblins
  8 hobgoblins
  8 jackals
  9 kobolds
  8 quokkas
  7 frilled lizards
  A leopard gecko zombie (D:5)
  A quokka skeleton (D:4)
  13 rats
207 creatures vanquished.

Vanquished Creatures (others)
  An ogre (D:7)
1 creature vanquished.

Grand Total: 208 creatures vanquished

Notes
Turn   | Place    | Note
-------+----------+-------------------------------------------
     0 | D:1      | Doot the Deep Elf Venom Mage began the quest for the Orb.
     0 | D:1      | Reached XP level 1. HP: 10/10 MP: 6/6
   201 | D:1      | Reached XP level 2. HP: 15/15 MP: 4/8
   205 | D:1      | Learned a level 2 spell: Poisonous Vapours
   816 | D:2      | Found a faded altar of an unknown god.
   882 | D:2      | Reached XP level 3. HP: 19/19 MP: 0/10
  1079 | D:2      | Noticed Robin
  1154 | D:3      | Reached skill level 4 in Spellcasting
  1808 | D:3      | Reached XP level 4. HP: 24/24 MP: 4/12
  1813 | D:3      | Learned a level 3 spell: Mephitic Cloud
  1818 | D:3      | Learned a level 4 spell: Olgreb's Toxic Radiance
  1981 | D:2      | Found a bloodstained altar of Trog.
  2016 | D:2      | Killed Robin
  2591 | D:3      | Reached skill level 1 in Air Magic
  2795 | D:4      | Found Ramized's Distillery.
  2809 | D:4      | Bought a potion of curing for 30 gold pieces
  2809 | D:4      | Bought a potion of brilliance for 40 gold pieces
  2932 | D:4      | Reached skill level 5 in Poison Magic
  2932 | D:4      | Reached XP level 5. HP: 28/28 MP: 2/14
  2968 | D:4      | Reached skill level 5 in Spellcasting
  3187 | D:4      | Found Liunol's General Store.
  3230 | D:4      | Noticed an ogre
  3242 | D:4      | Killed an ogre
  3242 | D:4      | Reached skill level 6 in Spellcasting
  3242 | D:4      | Reached XP level 6. HP: 32/32 MP: 7/17
  3810 | D:4      | Found Zunid's Gadget Shoppe.
  4248 | D:5      | Entered Level 5 of the Dungeon
  4422 | D:5      | Found a deep blue altar of Sif Muna.
  4431 | D:5      | Became a worshipper of Sif Muna the Loreminder
  4457 | D:5      | Got a distressingly furry buckler
  4463 | D:5      | Identified the +2 buckler of the Stallion {rN+ Dex+5} (You
                  | found it on level 5 of the Dungeon)
  4515 | D:5      | Learned a level 3 spell: Regeneration
  4536 | D:5      | Got a translucent amber ring
  4538 | D:5      | Identified the ring of Derghuba {rC+ Int+3} (You found it
                  | on level 5 of the Dungeon)
  4604 | D:5      | Reached skill level 7 in Spellcasting
  4604 | D:5      | Reached XP level 7. HP: 36/36 MP: 13/19
  4808 | D:5      | Got a translucent dagger
  4811 | D:5      | Identified the +7 dagger of Sunlight {drain, rElec Int+2}
                  | (You found it on level 5 of the Dungeon)
  5156 | D:6      | Found a shattered altar of Ashenzari.
  5156 | D:6      | Found a glowing golden altar of the Shining One.
  5279 | D:6      | Reached skill level 8 in Spellcasting
  5279 | D:6      | Reached XP level 8. HP: 36/42 MP: 5/22
  5286 | D:6      | Reached * piety under Sif Muna
  5606 | D:6      | Learned a level 2 spell: Song of Slaying
  5793 | D:5      | Learned a level 1 spell: Infusion
  5827 | D:7      | Reached skill level 1 in Short Blades
  5843 | D:7      | Found a staircase to the Ecumenical Temple.
  5846 | D:7      | Reached skill level 1 in Fighting
  5886 | D:7      | Found a sacrificial altar of Ru.
  5923 | D:7      | Found a glowing silver altar of Zin.
  6028 | D:7      | Reached skill level 9 in Spellcasting
  6030 | D:7      | Reached skill level 1 in Charms
  6190 | D:7      | Noticed a hippogriff
  6200 | D:7      | Killed a hippogriff
  6200 | D:7      | Reached ** piety under Sif Muna
  6447 | Temple   | Entered the Ecumenical Temple
  6680 | D:8      | Found an ancient bone altar of Kikubaaqudgha.
  6699 | D:8      | Reached XP level 9. HP: 44/47 MP: 19/24
  7173 | D:4      | Bought a potion of agility for 40 gold pieces
  7173 | D:4      | Bought 2 potions of heal wounds for 100 gold pieces
  7381 | D:8      | Found a sparkling altar of Nemelex Xobeh.
  7381 | D:8      | Found an ornate altar of the Wu Jian Council.
  7478 | D:8      | Noticed Pikel
  7485 | D:8      | Killed Pikel
  7485 | D:8      | Reached skill level 10 in Spellcasting
  7894 | D:9      | Found a staircase to the Lair.
  7894 | D:9      | Noticed a death yak
  7894 | D:9      | Noticed a death yak
  8105 | D:8      | Found a burning altar of Makhleb.
  8106 | D:8      | Found a shimmering altar of Xom.
  8142 | D:9      | Reached skill level 11 in Spellcasting
  8149 | D:9      | Reached *** piety under Sif Muna
  8420 | D:9      | Found a stormy altar of Qazlal.
  8556 | D:9      | Found an opulent altar of Gozag.
  8630 | D:9      | Found the +7 longbow "Piercer" {penet, EV-2}
  9012 | D:7      | Reached XP level 10. HP: 42/53 MP: 24/27
  9354 | D:9      | Noticed a death yak
  9613 | D:10     | Entered Level 10 of the Dungeon
  9617 | D:10     | Reached skill level 1 in Bows
  9784 | D:10     | Noticed a two-headed ogre
  9909 | D:10     | Killed a two-headed ogre
  9909 | D:10     | Reached skill level 12 in Spellcasting
  9961 | D:10     | Slain by a wraith

Skill      XL: |  1  2  3  4  5  6  7  8  9 10 |
---------------+-------------------------------+-----
Poison Magic   | 4 5 6 7 8 9 |  9.9
Spellcasting   | 4 6 7 8 9 11 12 | 12.2
Air Magic      | 1 2 3 4 |  4.9
Stealth        | 3 4 |  4.0
Short Blades   | 2 3 |  3.2
Dodging        | 3 4 |  4.6
Fighting       | 1 2 |  2.0
Charms         | 1 2 |  2.3
Bows           | 1 |  1.5
Long Blades    | |  0.7
Shields        | |  0.7
Conjurations   | |  1.9
Necromancy     | |  0.4

Action                   |  1- 3 |  4- 6 |  7- 9 | 10-12 || total
-------------------------+-------+-------+-------+-------++-------
Melee: Dagger            |       |     2 |   129 |    30 ||   161
       Long sword        |       |    18 |       |       ||    18
 Fire: Longbow           |       |       |    11 |    18 ||    29
 Cast: Sting             |    18 |     3 |     3 |       ||    24
       Poisonous Vapours |    42 |    55 |    64 |    10 ||   171
       Olgreb's Toxic Ra |       |     8 |    25 |     7 ||    40
       Mephitic Cloud    |       |     1 |     5 |       ||     6
       Regeneration      |       |       |     2 |       ||     2
       Infusion          |       |       |    14 |     5 ||    19
       Song of Slaying   |       |       |     1 |       ||     1
Invok: Divine Energy     |       |       |       |     1 ||     1
  Use: Scroll            |       |       |     2 |     4 ||     6
 Stab: Sleeping          |       |     1 |     3 |       ||     4
  Eat: Chunk             |     4 |    10 |    10 |       ||    24
       Ration            |       |       |     2 |     1 ||     3
Armor: Robe              |     2 |    10 |    33 |     7 ||    52
Dodge: Dodged            |     7 |    27 |    94 |    19 ||   147
Block: Buckler           |       |       |    39 |     3 ||    42
       Rpst.: Long sword |       |     4 |     1 |       ||     5
